 Dungeon Crawl Stone Soup version 0.26-a0-1191-ge2a0e31ab3 (webtiles) character file.

Game seed: 7893308178493752888

28 stormannn the Conjurer (level 2, -2/20 HPs)
             Began as a Demigod Conjurer on Dec 28, 2020.
             Slain by an orc priest
             ... wielding a +0 short sword
              (6 damage)
             ... on level 2 of the Dungeon.
             The game lasted 00:01:13 (887 turns).

stormannn the Conjurer (Demigod Conjurer)            Turns: 887, Time: 00:01:14

Health: -2/20      AC:  2    Str: 10    XL:     2   Next: 75%
Magic:  1/7        EV: 12    Int: 22    God:
Gold:   87         SH:  0    Dex: 14    Spells: 2/5 levels left

rFire    . . .     SeeInvis .   e - +0 dagger
rCold    . . .     Faith    .   (no shield)
rNeg     . . .     Spirit   .   a - +0 robe
rPois    .         Reflect  .   (no helmet)
rElec    .         Harm     .   (no cloak)
rCorr    .         Rampage  .   (no gloves)
Will     .....                  (no boots)
Stlth    ++........             (no amulet)
HPRegen  0.06/turn              (no ring)
MPRegen  0.10/turn              (no ring)

@: no status effects
A: high mp 1
a: no special abilities


You were on level 2 of the Dungeon.
You visited 1 branch of the dungeon, and saw 2 of its levels.

You collected 87 gold pieces.

Inventory:

Hand Weapons
 e - a +0 dagger (weapon)
Armour
 a - a +0 robe (worn)
Jewellery
 k - an uncursed amulet of faith {unknown}
Scrolls
 b - a scroll of teleportation {unknown}
 g - 2 scrolls of remove curse {unknown}
 h - a scroll of fear {unknown}
 i - 2 scrolls of random uselessness {unknown}
 m - a scroll of identify {unknown}
Potions
 c - a potion of cancellation {unknown}
 d - a potion of mutation {unknown}
 f - 2 potions of curing {unknown}
 j - a potion of invisibility {unknown}
 l - a potion of resistance {unknown}


   Skills:
 + Level 2.1 Dodging
 - Level 1.7 Stealth
 + Level 2.1 Spellcasting
 * Level 4.1 Conjurations


You had 2 spell levels left.
You knew the following spells:

 Your Spells              Type           Power        Failure   Level
a - Magic Dart            Conj           80%          2%          1
b - Searing Ray           Conj           40%          3%          2

Your spell library contained the following spells:

 Spells                   Type           Power        Failure   Level
 Dazzling Flash           Conj/Hex       22%          17%         3
 Fulminant Prism          Conj/Hex       5%           50%         4
 Iskenderun's Mystic Bla  Conj/Tloc      11%          50%         4


Dungeon Overview and Level Annotations

Branches:
Dungeon (2/15)


Innate Abilities, Weirdness & Mutations

You have an increased reservoir of magic. (+10% MP)


Message History

Ouch! That really hurt!
* * * LOW HITPOINT WARNING * * *
Casting: Magic Dart (safe; 2% risk of failure)
Confirm with . or Enter, or press ? or * to list all spells.
Aiming: Searing Ray (safe; 3% risk of failure)
Press: ? - help, Shift-Dir - straight line, f - orc priest, p - orc
Aim: an orc priest, wielding a +0 short sword (22% to evade)
The searing ray hits the orc.
You kill the orc!
The searing ray misses the orc priest. (Press . to maintain the ray.)
A frilled lizard comes into view.
The searing ray hits the orc priest.
The orc priest is moderately wounded.
The searing ray hits the orc priest!
The orc priest is severely wounded.
An orc comes into view. It is wielding a +0 hand axe.
The searing ray misses the orc priest.
You finish channeling your searing ray.
The orc priest hits you with a +0 short sword.
You die...

#.#.########.# #...# #.#
##.## #.# #.# #### #.#
##... #.# ##.#.. ##.##
##.....
#.#########...####...#..
.o.l.[o@.........'......
#..########...####...###
####.## ##..^.. #....#
##.... #.#### ##... #.#
##'# #.# #.# #.# ###.#
#.# #....


You could see an orc priest, an orc and a frilled lizard.

Vanquished Creatures
  An adder (D:2)
  A leopard gecko (D:1)
  An orc (D:2)
  5 goblins
  2 jackals (D:1)
  2 bats
  2 frilled lizards
  2 kobolds (D:1)
  3 rats (D:1)
19 creatures vanquished.

Notes
Turn   | Place    | Note
-------+----------+-------------------------------------------
     0 | D:1      | stormannn the Demigod Conjurer began the quest for the Orb.
     0 | D:1      | Reached XP level 1. HP: 14/14 MP: 5/5
   329 | D:1      | Reached XP level 2. HP: 20/20 MP: 5/7
   622 | D:1      | Learned a level 2 spell: Searing Ray
   693 | D:2      | Reached skill level 4 in Conjurations
   779 | D:2      | Found a broken altar of Ashenzari.
   887 | D:2      | Slain by an orc priest

Illustrated notes

Levels and vault maps discovered:
D:1:      ncdulo_wetmaze, layout_basic
D:2:      minmay_chambers_of_twos, layout_loops_corners, elyvilon_altar_5,
          gammafunk_temple_overflow_arena, lemuel_coloured_pillars_altar,
          uniq_natasha

Skill      XL: |  1  2 |
---------------+-------+-----
Dodging        | 2 |  2.1
Spellcasting   | 2 |  2.1
Conjurations   | 4 |  4.1
Stealth        | |  1.7

Action                   || total
-------------------------++-------
 Cast: Magic Dart        ||    27
       Searing Ray       ||     2
Armor: Robe              ||     1
Dodge: Dodged            ||     1

Table legend: (Time is in decaauts)
 A = Elapsed time spent in this place.
 B = Non-inter-level travel time spent in this place.
 C = Inter-level travel time spent in this place.
 D = Time resting spent in this place.
 E = Time spent auto-exploring this place.
 F = Levels seen in this place.
 G = Mean time per level.
                   A        B        C        D        E       F      G
               +--------+--------+--------+--------+--------+-----+--------+
         Total |    895 |    875 |     20 |    149 |    632 |   2 |  447.5 |
       Dungeon |    895 |    875 |     20 |    149 |    632 |   2 |  447.5 |
               +--------+--------+--------+--------+--------+-----+--------+

Top non-repeatable levels by time:
     D:1: 631 daAuts
     D:2: 263 daAuts
